 Dungeon Crawl Stone Soup version 0.31-a0-845-g9abc20d24f (webtiles) character file.

Game seed: 16772745120261646115

38 Ethylacetat the Changeling (level 3, -1/23 HPs)
             Began as an Octopode Shapeshifter on Oct 2, 2023.
             Slain by a goblin
             ... wielding a +0 club
              (2 damage)
             ... on level 2 of the Dungeon.
             The game lasted 00:01:11 (1191 turns).

Ethylacetat the Changeling (Octopode Shapeshifter)  Turns: 1191, Time: 00:01:11

Health: -1/23      AC:  1    Str: 13    XL:     3   Next: 43%
Magic:  12/12      EV: 13    Int: 12    God:
Gold:   41         SH:  0    Dex: 13    Spells: 2/2 levels left

rFire   . .          .
                       - Unarmed
rCold   . . .        (no shield)
rNeg    . . .        (helmet currently unavailable)
rPois   .            (no amulet)
rElec   .            j - ring of magical power
rCorr   .            (no ring)
SInv    .            (no ring)
Will    .....        (no ring)
Stlth   ++           (no ring)
HPRegen 0.23/turn    (no ring)
MPRegen 0.13/turn    (no ring)
                     (no ring)

%: no passive effects
@: beast-form
A: beast (slay +2), almost no armour, amphibious, 8 rings, camouflage 1,
gelatinous body 1, (nimble swimmer 1), tentacles
a: Begin Untransformation


You were on level 2 of the Dungeon.
You were a hulking beast.
You visited 1 branch of the dungeon, and saw 2 of its levels.

You collected 41 gold pieces.

Inventory:

Jewellery
 j - a ring of magical power (left tentacle)
Talismans
 b - a beast talisman (active)
 c - a flux talisman
Scrolls
 d - a scroll of noise {unknown}
 e - 3 scrolls of teleportation {unknown}
 h - a scroll of identify {unknown}
 i - a scroll of fog {unknown}
Potions
 a - a potion of lignification
 f - a potion of degeneration {unknown}
 g - 2 potions of curing {unknown}


   Skills:
 + Level 1.5 Fighting
 + Level 2.4 Dodging
 + Level 3.3 Unarmed Combat
 * Level 3.5 Shapeshifting


You had 2 spell levels left.
You didn't know any spells.
Your spell library was empty.

Dungeon Overview and Level Annotations

Branches:
Dungeon (2/15)

Altars:


Innate Abilities, Weirdness & Mutations

You are a hulking beast.
Your limbs bulge with bestial killing power. (Slay +2)
You cannot wear most types of armour.
You are amphibious.
You can wear up to eight rings at the same time.
Your skin changes colour to match your surroundings (Stealth+).
Your rubbery body absorbs attacks. (AC +1, EV +1)
((You are camouflaged when in or above water. (Stealth+)))
You have tentacles for arms and can constrict up to eight enemies at once.


Message History

The ball python hisses angrily.
You tentacle-slap the ball python. Your grab misses the ball python.
The ball python is severely wounded.
The ball python barely misses you. The ball python closely misses you.
You tentacle-slap the ball python.
You kill the ball python!
The goblin hits you with a +0 club.
You tentacle-slap the endoplasm.
The endoplasm is almost dead.
The endoplasm freezes you.
You are frozen.
The goblin barely misses you.
You tentacle-slap the endoplasm.
You kill the endoplasm!
The ball python closely misses you. The ball python grabs you.
The ball python constricts you.
A ball python comes into view.
The goblin hits you with a +0 club. The ball python bites you.
The ball python constricts you.
You closely miss the ball python.
The ball python hisses angrily.
Your grab misses the ball python. The goblin hits you with a +0 club.
The ball python bites you. The ball python constricts you.
You are too injured to fight recklessly!
You are too injured to fight recklessly!
You are too injured to fight recklessly!
You bludgeon the ball python!
You kill the ball python!
The goblin hits you with a +0 club.
* * * LOW HITPOINT WARNING * * *
You completely miss the goblin. You grab the goblin. You squeeze the goblin.
You kill the goblin!
The goblin hits you with a +0 club.
* * * LOW HITPOINT WARNING * * *
You tentacle-slap the goblin. Your grab misses the goblin.
The goblin is moderately wounded.
The goblin misses you.
You miss the goblin. Your grab misses the goblin.
The goblin is moderately wounded.
The goblin hits you with a +0 club.
You die...

#.........#
#.........#
.........##
#.........#
#.........# .
#.........#
..######...S†....#
...........hg....#
....###....†....#
#>.##.........#
#............# #
###...######## .#
######...#.# ..
##......###..#
..##..###### ##.#
#..#.## #.#


You could see a goblin and a ball python.

Vanquished Creatures
  2 dart slugs
  2 endoplasms
  A giant cockroach (D:1)
  4 goblins
  A hobgoblin (D:1)
  9 kobolds
  4 ball pythons
  5 bats (D:1)
  A frilled lizard (D:1)
  3 rats (D:1)
  A spectral goblin (D:1)
33 creatures vanquished.

Notes
Turn   | Place    | Note
-------+----------+-------------------------------------------
     0 | D:1      | Ethylacetat the Octopode Shapeshifter began the quest for
                  | the Orb.
     0 | D:1      | Reached XP level 1. HP: 13/13 MP: 1/1
   161 | D:1      | Reached XP level 2. HP: 18/18 MP: 2/2
   281 | D:1      | Found a faded altar of an unknown god.
   518 | D:1      | Reached XP level 3. HP: 23/23 MP: 2/3
  1189 | D:2      | HP: 1/23 [goblin/+0 club (5)]
  1191 | D:2      | Slain by a goblin

Illustrated notes

Levels and vault maps discovered:
D:1:      lemuel_arrival_rhombus, layout_basic,
          dreamdust_ecumenical_altar_drowned_temple, due_unseen_surprise
D:2:      layout_rooms, uniq_robin

Action                     || total
---------------------------++-------
  Melee: Unarmed           ||    55
         Tentacles         ||     9
         Constrict         ||    10
   Stab: Sleeping          ||     6
 Armour: Skin              ||    30
  Dodge: Dodged            ||    34

Table legend: (Time is in decaauts)
 A = Elapsed time spent in this place.
 B = Non-inter-level travel time spent in this place.
 C = Inter-level travel time spent in this place.
 D = Time resting spent in this place.
 E = Time spent auto-exploring this place.
 F = Levels seen in this place.
 G = Mean time per level.
                   A        B        C        D        E       F      G
               +--------+--------+--------+--------+--------+-----+--------+
         Total |   1187 |   1045 |    142 |      0 |    854 |   2 |  593.5 |
       Dungeon |   1187 |   1045 |    142 |      0 |    854 |   2 |  593.5 |
               +--------+--------+--------+--------+--------+-----+--------+

Top non-repeatable levels by time:
     D:1: 1128 daAuts
     D:2: 59 daAuts
